 Dungeon Crawl Stone Soup version 0.30-a0-862-g1aabd4f9c5 (webtiles) character file.

Game seed: 14452986552978019016

266 Dittersdorf the Trooper (level 6, -8/39 HPs)
             Began as a Gargoyle Fighter on Mar 9, 2023.
             Was an Initiate of Okawaru.
             Killed by divine providence
             ... invoked by an orc priest
              (14 damage)
             ... on level 5 of the Dungeon.
             The game lasted 00:02:21 (1380 turns).

Dittersdorf the Trooper (Gargoyle Fighter)          Turns: 1380, Time: 00:02:21

Health: -8/39      AC: 11    Str: 22    XL:     6   Next: 20%
Magic:  6/6        EV:  9    Int:  8    God:    Okawaru [......]
Gold:   188        SH:  0    Dex:  9    Spells: 5/5 levels left

rFire   . . .      SeeInvis .    a - +0 flail
rCold   . . .      Faith    .    c - +0 buckler
rNeg    + . .      Spirit   .    b - +0 scale mail
rPois   ∞          Reflect  .    (no helmet)
rElec   +          Rampage  .    (no cloak)
rCorr   .                        (no gloves)
Will    .....                    (no boots) Stlth
                                 i - amulet of magic regeneration
HPRegen 0.26/turn                (no ring)
MPRegen 0.50/turn                (no ring)

@: confused
A: sickness immunity, AC +4, negative energy resistance 1, electricity
resistance, torment resistance 1, petrification resistance
a: Renounce Religion


You were on level 5 of the Dungeon.
You worshipped Okawaru.
Okawaru was noncommittal.
You visited 2 branches of the dungeon, and saw 5 of its levels.

You collected 188 gold pieces.

Inventory:

Hand Weapons
 a - a +0 flail (weapon)
Armour
 b - a +0 scale mail (worn)
 c - a +0 buckler (worn)
Jewellery
 i - an amulet of magic regeneration (around neck)
Scrolls
 g - a scroll of vulnerability {unknown}
 j - a scroll of acquirement {unknown}
Potions
 d - a potion of might
 e - 2 potions of brilliance {unknown}
 f - a potion of curing {unknown}
 h - a potion of haste {unknown}


   Skills:
 + Level 4.6 Fighting
 + Level 3.4 Maces & Flails
 + Level 4.6 Armour
 + Level 4.6 Shields


You had 5 spell levels left.
You didn't know any spells.
Your spell library contained the following spells:

 Spells                   Type           Power      Damage    Failure   Level
 Poisonous Vapours        Pois/Air       0%         N/A       91%         2
 Mephitic Cloud           Conj/Pois/Air  0%         N/A       99%         3
 Ozocubu's Armour         Ice            0%         N/A       99%         3
 Metabolic Englaciation   Hex/Ice        0%         N/A       100%        5
 Cigotuvi's Dreadful Rot  Necr/Pois/Air  Unusable   N/A       N/A         2
 Simulacrum               Ice/Necr       Unusable   N/A       N/A         6

Dungeon Overview and Level Annotations

Branches:
Dungeon (5/15)             Temple (1/1) D:5

Altars:
Ashenzari
Dithmenos
Elyvilon
Fedhas
Gozag
Kikubaaqudgha
Nemelex Xobeh
Okawaru
Qazlal
Ru
Trog
Uskayaw
Vehumet
Yredelemnul
The Shining One


Innate Abilities, Weirdness & Mutations

You are immune to sickness and miasma.
Your stone body is resilient. (AC +4)
You are immune to poison.
You resist negative energy. (rN+)
You are resistant to electric shocks. (rElec)
You are resistant to unholy torment.
You are immune to petrification.


Message History

An orc comes into view. It is wielding a +0 dagger.
The hound bites you but does no damage.
The orc shouts!
You sock the orc priest!
You kill the orc priest!
Okawaru accepts your kill. You block the hound's attack.
The water moccasin enters a dispersal trap!
The gnoll blinks!
The hound blinks!
The orc blinks!
The gnoll blinks!
The orc blinks!
The gnoll blinks!
The hound blinks!
The orc blinks!
The hound blinks!
The gnoll blinks!
You blink.
An iguana and a gnoll come into view.
Found 9 gold pieces.
Found a stone staircase leading down.
The water moccasin blinks!
An orc comes into view. It is wielding a +0 flail.
The iguana hisses angrily.
The orc shouts!
You hear a shout!
The gnoll enters a dispersal trap!
The orc blinks!
The hound blinks!
The orc blinks!
The gnoll blinks!
The orc blinks!
The hound blinks!
The gnoll blinks! x3; You blink.
An orc wizard, 2 orc priests and an orc come into view.
An orc priest is wielding a +0 hand axe of freezing.
The orc is wielding a +0 hand axe and wearing a +2 leather armour of poison resistance.
Found a viscous blue potion.
Found an escape hatch in the ceiling and an escape hatch in the floor.
The orc priest shouts!
You hear a shout!
The orc wizard casts a spell at you.
You are confused.
The orc priest calls down the wrath of Beogh upon you.
Beogh smites you! The orc closely misses you.
An orc comes into view. It is wielding a +0 short sword.
Found 15 gold pieces.
The orc shouts! x2
The orc priest invokes the aid of Beogh against you.
Beogh smites you!
* * * LOW HITPOINT WARNING * * *
The gnoll hits you from afar with a +0 spear.
* * * LOW HITPOINT WARNING * * *
A jelly comes into view.
The orc priest invokes the aid of Beogh against you.
Beogh smites you!
You die...

,*#.......§..##.##...,,,,,,,*,**,
,*#...§..§..........#******,,,**,
,*#........h........####,,,,,***,
,,#........§..........J,,**,,,,,,
*,##...>....§........###,,,,,,,,,
,,,,,..............$..o.,,,**,,,,
,,***####..l...g.....<..,,,**,,,,
,,* *,,....>......o.o..,,,**,,,,
*,****,.....g.ho@.....oo,,,,,,,,,
*,,,,*........g...##....,,,,***,,
*,,,,*,,...........#,...,,,,*_*,,
***,,*,,.............,,.,,,,~~~,,
***,,*,,...............,,,,~~~~~,
*,,,,,,,.......!.......$,,,~~,~~,
,,,,,,,,..........>.....,,,~~~~~,
*,,,,,,,##..........####*,*,~~~,,
**,,,,,,,,,,,,,,,*,,,****,**,,,,,


You could see an iguana, 2 hounds, a jelly, 2 orc priests, an orc wizard, 3
gnolls and 3 orcs.

Vanquished Creatures
  A phantom (D:2)
  A jelly (D:5)
  An orc priest (D:5)
  Terence (D:2)
  4 adders (D:2)
  A gnoll (D:1)
  A worm (D:2)
  4 orcs (D:3)
  5 endoplasms
  2 giant cockroaches
  5 goblins
  6 hobgoblins
  3 jackals (D:1)
  5 kobolds
  2 quokkas
  5 ball pythons
  2 bats
  4 frilled lizards
  4 rats
57 creatures vanquished.

Notes
Turn   | Place    | Note
-------+----------+-------------------------------------------
     0 | D:1      | Dittersdorf the Gargoyle Fighter began the quest for the
                  | Orb.
     0 | D:1      | Reached XP level 1. HP: 14/14 MP: 1/1
   155 | D:1      | Reached XP level 2. HP: 19/19 MP: 2/2
   223 | D:1      | Reached XP level 3. HP: 19/23 MP: 3/3
   645 | D:2      | Reached XP level 4. HP: 19/29 MP: 4/4
   712 | D:2      | Found a sparkling altar of Nemelex Xobeh.
   799 | D:2      | Noticed Terence
   810 | D:2      | Killed Terence
   985 | D:2      | Reached XP level 5. HP: 32/33 MP: 5/5
  1037 | D:2      | Noticed a phantom
  1051 | D:2      | Killed a phantom
  1333 | D:3      | You fall into a shaft and drop 2 floors!
  1333 | D:5      | Entered Level 5 of the Dungeon
  1337 | D:5      | Found a staircase to the Ecumenical Temple.
  1342 | D:5      | Reached XP level 6. HP: 35/39 MP: 6/6
  1346 | Temple   | Entered the Ecumenical Temple
  1354 | Temple   | Became a worshipper of Warmaster Okawaru
  1373 | D:5      | Noticed a water moccasin
  1380 | D:5      | Killed from afar by an orc priest

Illustrated notes

Levels and vault maps discovered:
D:1:      amcnicky_arrival_flooded_fountain, layout_rooms, serial_glass,
          glass_columns_a, glass_columns_c, glass_columns_b, glass_columns_b,
          grunt_decor_mini_mirrors
D:2:      layout_rooms, basic_altar, uniq_terence
D:3:      layout_loops_ring, amethyst_overflow_temple_binary,
          grunt_decor_arrowhead
D:5:      layout_rooms, kennysheep_slug_shrine, temple_green,
          cheibrodos_sewer_entry_bend, chequers_jeans
Temple:   dpeg_three_leaves_temple

Skill      XL: |  1  2  3  4  5 |
---------------+----------------+-----
Fighting       | 4 |  4.6
Armour         | 4 |  4.6
Shields        | 4 |  4.6
Maces & Flails | 3 |  3.4

Action                     |  1- 3 |  4- 6 || total
---------------------------+-------+-------++-------
  Melee: Flail             |    99 |    89 ||   188
    Use: Scroll            |       |     1 ||     1
 Armour: Scale mail        |    97 |    49 ||   146
  Dodge: Dodged            |    81 |    40 ||   121
  Block: Buckler           |    38 |    24 ||    62

Table legend: (Time is in decaauts)
 A = Elapsed time spent in this place.
 B = Non-inter-level travel time spent in this place.
 C = Inter-level travel time spent in this place.
 D = Time resting spent in this place.
 E = Time spent auto-exploring this place.
 F = Levels seen in this place.
 G = Mean time per level.
                   A        B        C        D        E       F      G
               +--------+--------+--------+--------+--------+-----+--------+
         Total |   1437 |   1398 |     39 |      0 |    988 |   5 |  287.4 |
       Dungeon |   1420 |   1388 |     32 |      0 |    988 |   4 |  355.0 |
        Temple |     16 |      9 |      7 |      0 |      0 |   1 |   16.0 |
               +--------+--------+--------+--------+--------+-----+--------+

Top non-repeatable levels by time:
     D:2: 583 daAuts
     D:1: 577 daAuts
     D:3: 228 daAuts
     D:5: 31 daAuts
  Temple: 16 daAuts
